 Dungeon Crawl Stone Soup version 0.31.0-9-g3a7656b989 (webtiles) character file.

Game seed: 643488989982786856

847 qw the Skirmisher (level 7, -4/40 HPs)
             Began as a Deep Elf Hunter on Feb 2, 2024.
             Slain by a river rat (6 damage)
             ... on level 5 of the Dungeon.
             The game lasted 00:00:14 (3168 turns).

qw the Skirmisher (Deep Elf Hunter)                 Turns: 3168, Time: 00:00:15

Health: -4/40      AC:  7    Str: 10    XL:     7   Next: 68%
Magic:  9/9        EV: 11    Int: 14    God:
Gold:   225        SH:  0    Dex: 18    Spells: 6/6 levels left

rFire   + . .        a - +2 shortbow
rCold   . . .        (shield currently unavailable)
rNeg    . . .        l - +1 ring mail {rF+}
rPois   +            (no helmet)
rElec   .            (no cloak)
rCorr   .            i - +0 pair of gloves
SInv    .            (no boots)
Will    .....        (no amulet)
Stlth   +            o - ring of poison resistance
HPRegen 0.26/turn    (no ring)
MPRegen 0.11/turn

%: no passive effects
@: about to teleport
A: no striking features
a: no special abilities


You were on level 5 of the Dungeon.
You visited 1 branch of the dungeon, and saw 5 of its levels.
You also visited: Sewer.

You collected 225 gold pieces.


   Skills:
 - Level 2.1 Fighting
 + Level 11.6 Ranged Weapons
 - Level 1.6 Armour
 - Level 3.1 Dodging
 - Level 1.2 Stealth


You had 6 spell levels left.
You didn't know any spells.
Your spell library was empty.

Inventory:

Hand Weapons
 a - a +2 shortbow (weapon)
Armour
 d - a +0 helmet
 i - a +0 pair of gloves (worn)
 l - a +1 ring mail of fire resistance (worn)
Jewellery
 g - a ring of ice
 o - a ring of poison resistance (left hand)
Wands
 c - a wand of iceblast (9)
Scrolls
 j - 2 scrolls of teleportation
Potions
 b - 3 potions of curing
 f - 2 potions of haste
 h - 2 potions of enlightenment

Dungeon Overview and Level Annotations

Branches:
Dungeon (5/15)              Sewer (visited)
 Temple: D:4-7

Altars:


Message History

A rat comes into view.
The quokka misses you.
You shoot an arrow. The arrow hits the quokka.
The quokka is moderately wounded.
The quokka closely misses you.
You shoot an arrow. The arrow barely misses the quokka.
The quokka bites you but does no damage.
You shoot an arrow. The arrow barely misses the quokka.
The quokka bites you but does no damage.
You shoot an arrow. The arrow hits the quokka.
The quokka is heavily wounded.
The quokka bites you.
You shoot an arrow. The arrow closely misses the quokka.
The quokka barely misses you.
You shoot an arrow. The arrow barely misses the quokka.
The quokka bites you but does no damage.
You shoot an arrow. The arrow misses the quokka.
The quokka misses you.
The quokka bites you but does no damage.
You shoot an arrow. The arrow hits the quokka.
You kill the quokka!
You shoot an arrow. The arrow hits the river rat.
The river rat is heavily wounded.
The river rat bites you!
3164 ||| READING 3 scrolls of teleportation.
As you read the scroll of teleportation, it crumbles to dust.
You feel strangely unstable. The river rat bites you.
You shoot an arrow. The arrow closely misses the river rat.
The river rat bites you but does no damage.
You shoot an arrow. The arrow hits the river rat.
The river rat is severely wounded.
The river rat bites you but does no damage.
A quokka comes into view.
You shoot an arrow. The arrow closely misses the river rat.
The river rat bites you.
You shoot an arrow. The arrow hits the river rat.
The river rat is almost dead.
The river rat bites you.
You die...

#....###....##
##..
##.#.........#
#..
#....[.......#
#..
#######.######
### ##.##
##.#.# #.#.##
##.## #@## #r#
##r r# r# ..
r# .#


You could see a river rat, 2 quokkas and 2 rats.

Vanquished Creatures
  A black bear (D:4)
  An ogre (D:4)
  A bullfrog (D:4)
  2 scorpions (D:5)
  2 bombardier beetles (D:4)
  Jessica (D:2)
  A sleepcap (D:4)
  An orc wizard (D:4)
  2 iguanas
  A hell rat (Sewer)
  3 gnolls (D:3)
  8 adders
  6 river rats
  3 dart slugs
  2 ribbon worms
  10 orcs
  9 ball pythons
  4 bats
  5 endoplasms
  4 giant cockroaches
  7 goblins
  5 hobgoblins
  6 jackals
  3 quokkas
  6 frilled lizards
  7 kobolds
  18 rats
119 creatures vanquished.

Notes
Turn   | Place    | Note
-------+----------+-------------------------------------------
     0 | D:1      | qw the Deep Elf Hunter began the quest for the Orb.
     0 | D:1      | Reached XP level 1. HP: 12/12 MP: 3/3
     0 | D:1      | 0 ||| qw: Version: 0.3-a-155-g5e7d8dd
     0 | D:1      | 0 ||| qw: Game counter: 841
     0 | D:1      | 0 ||| qw: Melee chars always use a shield: true
     0 | D:1      | 0 ||| qw: God list: Okawaru
     0 | D:1      | 0 ||| qw: Allow faded altars: false
     0 | D:1      | 0 ||| qw: Do Orc after clearing Dungeon:15 true
     0 | D:1      | 0 ||| qw: Do second Lair branch before Depths: true
     0 | D:1      | 0 ||| qw: Lair rune preference: random
     0 | D:1      | 0 ||| qw: Goals: Normal
     0 | D:1      | 0 ||| PLANNING D:1-11
    83 | D:1      | Reached XP level 2. HP: 16/16 MP: 4/4
    87 | D:1      | Reached skill level 6 in Ranged Weapons
   341 | D:1      | Reached XP level 3. HP: 20/20 MP: 5/5
   536 | D:1      | 536 ||| UPGRADING to +0 pair of gloves.
   541 | D:1      | 541 ||| READING scroll labelled GOUR BAHIVVASS.
   541 | D:1      | 541 ||| ENCHANTING +0 shortbow.
   542 | D:1      | 542 ||| READING scroll labelled HUBYWI DAMNI.
   545 | D:1      | 545 ||| READING scroll labelled GAIRUN KEKK.
   646 | D:1      | 646 ||| DRINKING 3 cyan potions.
   647 | D:1      | 647 ||| DRINKING 2 ruby potions.
   648 | D:1      | 648 ||| DROPPING scroll of butterflies.
   649 | D:1      | 649 ||| DROPPING 2 potions of attraction.
   768 | D:2      | Reached skill level 7 in Ranged Weapons
   859 | D:2      | Reached XP level 4. HP: 25/25 MP: 6/6
  1058 | D:2      | 1058 ||| FLEEEEING.
  1189 | D:2      | Noticed Jessica
  1191 | D:2      | Killed Jessica
  1192 | D:2      | Reached skill level 8 in Ranged Weapons
  1348 | D:2      | 1348 ||| UPGRADING to +0 ring mail.
  1358 | D:2      | 1358 ||| DROPPING +0 leather armour.
  1359 | D:2      | 1359 ||| READING 3 scrolls labelled DINKEE ZYMIZ.
  1359 | D:2      | 1359 ||| IDENTIFYING dark potion
  1360 | D:2      | 1360 ||| READING 2 scrolls of identify.
  1360 | D:2      | 1360 ||| IDENTIFYING bubbling red potion
  1361 | D:2      | 1361 ||| READING scroll of identify.
  1361 | D:2      | 1361 ||| IDENTIFYING coppery potion
  1362 | D:2      | 1362 ||| READING scroll labelled DECRELY HUMONA.
  1363 | D:2      | 1363 ||| DROPPING potion of magic.
  1373 | D:3      | 1373 ||| PLANNING SEWER
  1458 | D:3      | 1458 ||| READING scroll of enchant weapon.
  1458 | D:3      | 1458 ||| ENCHANTING +1 shortbow.
  1553 | D:3      | Found a glowing drain.
  1554 | D:3      | 1554 ||| UPGRADING to +1 ring mail of fire resistance.
  1564 | D:3      | 1564 ||| DROPPING +0 ring mail.
  1565 | D:3      | 1565 ||| UPGRADING to ring of poison resistance.
  1566 | D:3      | 1566 ||| READING 2 scrolls of identify.
  1566 | D:3      | 1566 ||| IDENTIFYING purple potion
  1567 | D:3      | 1567 ||| READING scroll of identify.
  1567 | D:3      | 1567 ||| IDENTIFYING puce potion
  1568 | D:3      | 1568 ||| READING scroll labelled KADADOPTOGG.
  1569 | D:3      | 1569 ||| READING scroll labelled ETIXAK WIOS.
  1570 | D:3      | 1570 ||| DROPPING potion of ambrosia.
  1580 | Sewer    | Entered a sewer
  1591 | Sewer    | Reached XP level 5. HP: 29/29 MP: 7/7
  1675 | Sewer    | 1675 ||| READING scroll of identify.
  1675 | Sewer    | 1675 ||| IDENTIFYING scroll labelled NUNWIM UCSOGA
  1676 | Sewer    | 1676 ||| READING 2 scrolls labelled DAIXUT RATIVA.
  1677 | Sewer    | 1677 ||| DROPPING scroll of fear.
  1678 | Sewer    | 1678 ||| DROPPING scroll of revelation.
  1686 | D:3      | 1686 ||| PLANNING D:1-11
  1761 | D:3      | HP: 3/29 [gnoll/+0 halberd (14)]
  1762 | D:3      | 1762 ||| READING 3 scrolls of teleportation.
  1763 | D:3      | 1763 ||| DRINKING potion of heal wounds.
  1782 | D:3      | Reached skill level 9 in Ranged Weapons
  2008 | D:4      | Reached XP level 6. HP: 24/35 MP: 8/8
  2136 | D:4      | Reached skill level 10 in Ranged Weapons
  2219 | D:4      | Reached skill level 3 in Dodging
  2296 | D:4      | Reached skill level 1 in Armour
  2475 | D:4      | Reached XP level 7. HP: 32/40 MP: 9/9
  2885 | D:5      | Entered Level 5 of the Dungeon
  3122 | D:5      | Reached skill level 11 in Ranged Weapons
  3163 | D:5      | HP: 10/40 [river rat (7)]
  3164 | D:5      | 3164 ||| READING 3 scrolls of teleportation.
  3164 | D:5      | HP: 4/40 [river rat (6)]
  3168 | D:5      | Slain by a river rat

Levels and vault maps discovered:
D:1:      lightli_arrival_noodles, layout_rooms, roderic_roman_lattice
D:2:      layout_loops_ring, uniq_jessica
D:3:      wander_river, layout_rooms, portal_sewer_entry_a
D:4:      black_bear_nest_2, layout_loops_ring, corexii_item_surrounded_by_moat
D:5:      lemuel_ratsnest, layout_layer_cave, minmay_chambers_of_fives

Skill      XL: |  1  2  3  4  5  6  7 |
---------------+----------------------+-----
Ranged Weapons | 6 7 8 9 10 11 | 11.6
Fighting       | 2 |  2.1
Dodging        | 3 |  3.1
Armour         | 1 |  1.6
Stealth        | |  1.2

Action                     |  1- 3 |  4- 6 |  7- 9 || total
---------------------------+-------+-------+-------++-------
   Fire: Shortbow          |   114 |   184 |    82 ||   380
    Use: Scroll            |     3 |    12 |     1 ||    16
         Potion            |     2 |     1 |       ||     3
 Armour: Leather armour    |    24 |     1 |       ||    25
         Ring mail         |       |    39 |    47 ||    86
  Dodge: Dodged            |    29 |    31 |    22 ||    82

Table legend:
 A = Non-vault XP
 B = Vault XP
 C = Vault XP percentage of total XP
 D = Non-vault monster count
 E = Vault monster count
 F = Vault count percentage of total count
                 A         B        C        D         E       F
            +---------+---------+-------+---------+---------+-------
      Total |     748 |     463 |  38.2 |      99 |      20 |  16.8
            +---------+---------+-------+---------+---------+-------
        D:1 |      46 |       0 |   0.0 |      27 |       0 |   0.0
        D:2 |      84 |      37 |  30.6 |      30 |       1 |   3.2
        D:3 |      78 |       1 |   1.3 |      15 |       1 |   6.2
        D:4 |     487 |     136 |  21.8 |      24 |       1 |   4.0
        D:5 |      53 |     214 |  80.1 |       3 |      11 |  78.6
      Sewer |       0 |      75 | 100.0 |       0 |       6 | 100.0
            +---------+---------+-------+---------+---------+-------
